 Dungeon Sprint DCSS version 0.28.0-53-g5a82cb258f (webtiles) character file.

Game seed: 18208206990279789965

11698 Zeld the Sorcerer (level 11, -2/54 HPs)
             Began as a Deep Elf Conjurer on May 31, 2022.
             Was a High Priest of Sif Muna.
             Killed from afar by a spriggan druid (39 damage)
             ... with a stone arrow
             ... in the Dungeon (Sprint IV: "Fedhas' Mad Dash").
             The game lasted 00:06:35 (5422 turns).

Zeld the Sorcerer (Deep Elf Conjurer)               Turns: 5422, Time: 00:06:36

Health: -2/54      AC:  1    Str:  4    XL:     11   Next: 52%
Magic:  40/40      EV: 13    Int: 28    God:    Sif Muna [*****.]
Gold:   7          SH:  0    Dex: 18    Spells: 32/56 levels left

rFire   . . .      SeeInvis .   (no weapon)
rCold   . . .      Faith    .   (no shield)
rNeg    . . .      Spirit   .   a - +0 robe
rPois   .          Reflect  .   o - +2 helmet "Suda" {Dex+5}
rElec   .          Harm     .   (no cloak)
rCorr   .          Rampage  .   (no gloves)
Will    +....      NoTele   +   (no boots)
Stlth   ++++......              h - amulet of invisibility {+Inv}
HPRegen 0.18/turn               (no ring)
MPRegen 0.27/turn               (no ring)

@: corroded
A: no striking features
a: Renounce Religion, Evoke Invisibility, Channel Magic, Forget Spell, Divine
Exegesis


You were in the Dungeon.
You worshipped Sif Muna.
Sif Muna was extremely pleased with you.
You visited 1 branch You collected 521 gold pieces.
You spent 514 gold pieces at shops.

Inventory:

Armour
 a - a +0 robe (worn)
 o - the +2 helmet "Suda" (worn) {Dex+5}
   (You bought it in a shop in the Dungeon)

   Dex:       It affects your dexterity (+5).
Jewellery
 h - the amulet of invisibility (around neck) {+Inv}
   (You found it in the Dungeon)

   [amulet of nothing]

   +Inv:      It lets you turn invisible.
Scrolls
 g - a scroll of blinking
 i - 3 scrolls of identify {unknown}
 l - a scroll of torment {unknown}
 m - a scroll of enchant weapon {unknown}
Potions
 b - a potion of curing
 c - a potion of heal wounds
 d - a potion of haste
 e - 2 potions of magic
 f - a potion of berserk rage
 j - a potion of invisibility {unknown}
Miscellaneous
 k - a box of beasts


   Skills:
 - Level 2.4 Dodging
 - Level 8.0 Stealth
 * Level 23.4 Spellcasting
 * Level 20.3 Conjurations
 - Level 2.0 Hexes
 - Level 2.0 Translocations
 + Level 1.6 Air Magic
 + Level 11.5 Invocations


You had 32 spell levels left.
You knew the following spells:

 Your Spells              Type           Power      Damage    Failure   Level
a - Magic Dart            Conj           100%       1d8       0%          1
b - Searing Ray           Conj           100%       2d8       0%          2
c - Fulminant Prism       Conj/Hex       38%        3d18      1%          4
d - Iskenderun's Mystic   Conj/Tloc      77%        2d15      1%          4
e - Lightning Bolt        Conj/Air       38%        1d56      1%          5
f - Maxwell's Capacitive  Air            21%        ∞         100%        8

Your spell library contained the following spells:

 Spells                   Type           Power      Damage    Failure   Level
 Shock                    Conj/Air       100%       1d9       0%          1
 Static Discharge         Conj/Air       76%        N/A       0%          2
 Summon Small Mammal      Summ           100%       N/A       1%          1
 Poisonous Vapours        Pois/Air       74%        N/A       1%          2
 Dazzling Flash           Conj/Hex       100%       N/A       1%          3
 Stone Arrow              Conj/Erth      100%       3d13      1%          3
 Tukima's Dance           Hex            44%        N/A       1%          3
 Flame Wave               Conj/Fire      74%        2d13      1%          4
 Hailstorm                Conj/Ice       74%        3d15      1%          4
 Iron Shot                Conj/Erth      37%        9d7       2%          6
 Starburst                Conj/Fire      37%        6d11      2%          6
 Airstrike                Air            21%        N/A       4%          4
 Anguish                  Hex/Necr       19%        N/A       7%          4
 Animate Armour           Summ/Erth      64%        N/A       10%         4
 Ice Form                 Ice/Tmut       32%        N/A       10%         4
 Summon Ice Beast         Ice/Summ       32%        N/A       10%         4
 Summon Cactus Giant      Summ           16%        N/A       83%         6
 Enfeeble                 Hex            22%        N/A       98%         7
 Monstrous Menagerie      Summ           16%        N/A       100%        7
 Ignition                 Fire           16%        3d6       100%        8
 Necromutation            Tmut/Necr      16%        N/A       100%        8


Dungeon Overview and Level Annotations

Branches:
Dungeon (1/1)

Altars:
Cheibriados
Dithmenos
Elyvilon
Gozag
Hepliaklqana
Kikubaaqudgha
Makhleb
Nemelex Xobeh
Okawaru
Qazlal
Ru
Sif Muna
Trog
Uskayaw
Vehumet
Wu Jian
Xom
Yredelemnul
Zin
The Shining One
Beogh
Jiyva
Lugonu

Shops:
D :[(*(*=:((?(*[[(

Annotations:
D exclusion: 5 oklob plants


Message History

There is an entrance to Qeaqoom's Armour Shoppe here.
There is an entrance to Qise Gaqyx's Weapon Boutique here.
There is an entrance to Cuiphup's Antique Weapon Emporium here.
There is an entrance to Ucles's Book Shop here.
There is an entrance to Nigeshir's Jewellery Emporium here.
There is an entrance to Laorr's Assorted Antiques here.
There is an entrance to Nigeshir's Jewellery Emporium here.
There is an entrance to Laorr's Assorted Antiques here.
o - the +2 helmet "Suda" {Dex+5} Thank you for shopping at Laorr's Assorted Antiques!
There is an entrance to Quvidivang's Assorted Antiques here.
You can access your shopping list by pressing '$'.
There is an entrance to Cotzosuf's Book Shop here.
There is an entrance to Quvidivang's Assorted Antiques here.
There is an entrance to Laorr's Assorted Antiques here.
You can access your shopping list by pressing '$'.
There is an entrance to Nigeshir's Jewellery Emporium here.
Okay, then.
Okay, then.
You start removing your armour.
You continue taking off your +1 helmet of intelligence. x4
You finish taking off your +1 helmet of intelligence.
You feel stupid.
You start putting on your armour.
You continue putting on the +2 helmet "Suda" {Dex+5}. x5
You finish putting on the +2 helmet "Suda" {Dex+5}.
You feel agile.
You drop a +1 helmet of intelligence.
You start waiting.
Done waiting.
You start waiting.
There are monsters nearby!
The oklob plant spits acid at you. The splash of acid hits you!!
The acid corrodes you!
The spriggan druid shouts!
There is an entrance to Qeaqoom's Armour Shoppe here.
The spriggan druid points at you and mumbles some strange words.
The stone arrow hits you!!!
Ouch! That really hurt!
You die...

.........)P).........♣.....∩.∩...
..........P...###################
+############## .....# ###..#
.....# #....+ )..### #....# ..##
##..).# ###########
...####.....#####∩∩i#P.P.P.
............'...@∩[∩'......
............#####∩∩∩#.P.P.
############# ##### ###


You could see 3 oklob plants and a spriggan druid.

Vanquished Creatures
  Agnes (D)
  2 spriggan defenders (D)
  A spriggan berserker (D)
  A spriggan druid (D)
  8 oklob plants (D)
  2 demonic crawlers (D)
  3 burning bushes (D)
  3 wandering mushrooms (D)
  A queen bee (D)
  5 hornets (D)
  3 scorpions (D)
  4 killer bees (D)
  5 oklob saplings (D)
  8 spriggans (D)
  A river rat (D)
  A rat (D)
  2 ballistomycete spores (D)
51 creatures vanquished.

Vanquished Creatures (others)
  A bush (D)
  12 fulminant prisms (D)
  5 fungi (D)
18 creatures vanquished.

Grand Total: 69 creatures vanquished

Notes
Turn   | Place    | Note
-------+----------+-------------------------------------------
     0 | D        | Zeld the Deep Elf Conjurer began the quest for the Orb.
     0 | D        | Reached XP level 1. HP: 10/10 MP: 6/6
    17 | D        | Reached skill level 4 in Spellcasting
    17 | D        | Reached skill level 5 in Conjurations
    17 | D        | Reached skill level 1 in Hexes
    17 | D        | Reached skill level 1 in Translocations
    17 | D        | Reached XP level 2. HP: 5/15 MP: 0/9
   100 | D        | Learned a level 2 spell: Searing Ray
   215 | D        | Noticed a scorpion
   216 | D        | Noticed an oklob sapling
   219 | D        | Killed an oklob sapling
   220 | D        | Reached skill level 6 in Spellcasting
   220 | D        | Reached XP level 3. HP: 19/19 MP: 4/12
   221 | D        | Killed a scorpion
   222 | D        | Reached skill level 8 in Spellcasting
   222 | D        | Reached XP level 4. HP: 17/24 MP: 2/16
   227 | D        | Learned a level 4 spell: Fulminant Prism
   232 | D        | Learned a level 4 spell: Iskenderun's Mystic Blast
   312 | D        | Found the amulet of invisibility {+Inv}
   650 | D        | Found an opulent altar of Gozag.
   650 | D        | Found a hazy altar of Hepliaklqana.
   650 | D        | Found a burning altar of Makhleb.
   650 | D        | Found a sparkling altar of Nemelex Xobeh.
   650 | D        | Found a snail-covered altar of Cheibriados.
   650 | D        | Found a sacrificial altar of Ru.
   650 | D        | Found a shimmering blue altar of Sif Muna.
   650 | D        | Found a shimmering altar of Xom.
   650 | D        | Found a basalt altar of Yredelemnul.
   651 | D        | Found a viscous altar of Jiyva.
   651 | D        | Found a bloodstained altar of Trog.
   651 | D        | Found an ornate altar of the Wu Jian Council.
   652 | D        | Found an iron altar of Okawaru.
   652 | D        | Found a shadowy altar of Dithmenos.
   652 | D        | Found a glowing silver altar of Zin.
   653 | D        | Found a hide-covered altar of Uskayaw.
   653 | D        | Found an ancient bone altar of Kikubaaqudgha.
   654 | D        | Found a stormy altar of Qazlal.
   654 | D        | Found a glowing golden altar of the Shining One.
   654 | D        | Found a white marble altar of Elyvilon.
   655 | D        | Found a radiant altar of Vehumet.
   655 | D        | Found a corrupted altar of Lugonu.
   657 | D        | Became a worshipper of Sif Muna the Loreminder
   902 | D        | Noticed a queen bee
   910 | D        | Reached * piety under Sif Muna
   911 | D        | Reached skill level 5 in Stealth
   911 | D        | Reached skill level 10 in Spellcasting
   911 | D        | Reached XP level 5. HP: 27/28 MP: 6/19
   912 | D        | Reached skill level 11 in Spellcasting
   912 | D        | Reached skill level 10 in Conjurations
   912 | D        | Reached XP level 6. HP: 31/32 MP: 2/22
  1218 | D        | Killed a queen bee
  1219 | D        | Reached skill level 12 in Spellcasting
  1513 | D        | Noticed an oklob plant
  1521 | D        | Killed an oklob plant
  1521 | D        | Reached ** piety under Sif Muna
  1522 | D        | Reached skill level 14 in Spellcasting
  1522 | D        | Reached XP level 7. HP: 36/36 MP: 6/27
  1733 | D        | Noticed a burning bush
  1744 | D        | Killed a burning bush
  1745 | D        | Reached skill level 15 in Spellcasting
  1745 | D        | Reached XP level 8. HP: 29/41 MP: 18/29
  1760 | D        | Got Heminumn's Catalogue of Ashen Bewitchment
  1841 | D        | Reached skill level 1 in Invocations
  2024 | D        | Reached *** piety under Sif Muna
  2144 | D        | Found Purhupip's Weapon Shop.
  2144 | D        | Found Qalloy's Weapon Emporium.
  2151 | D        | Noticed a burning bush
  2151 | D        | Noticed a wandering mushroom
  2152 | D        | Noticed a wandering mushroom
  2156 | D        | Killed a wandering mushroom
  2156 | D        | Reached **** piety under Sif Muna
  2157 | D        | Reached skill level 16 in Spellcasting
  2157 | D        | Killed a wandering mushroom
  2159 | D        | Killed a burning bush
  2160 | D        | Reached skill level 17 in Spellcasting
  2160 | D        | Reached skill level 15 in Conjurations
  2160 | D        | Reached XP level 9. HP: 15/45 MP: 6/32
  2179 | D        | Found Oqoasch's Antique Armour Emporium.
  2179 | D        | Found Taapebex's Assorted Antiques.
  2549 | D        | Bought a scroll labelled TITAUCR OFRUGO for 27 gold pieces
  2549 | D        | Bought a scroll labelled TITAUCR OFRUGO for 27 gold pieces
  2549 | D        | Bought an emerald potion for 24 gold pieces
  2589 | D        | Noticed a burning bush
  2589 | D        | Noticed an oklob plant
  2602 | D        | Killed a burning bush
  2603 | D        | Reached skill level 5 in Invocations
  2735 | D        | Noticed a wandering mushroom
  2744 | D        | Killed an oklob plant
  2744 | D        | Killed a wandering mushroom
  2744 | D        | Reached ***** piety under Sif Muna
  2744 | D        | Received a gift from Sif Muna
  2745 | D        | Reached skill level 18 in Spellcasting
  2755 | D        | Learned a level 5 spell: Lightning Bolt
  2955 | D        | Noticed a spriggan druid
  2958 | D        | Killed a spriggan druid
  2959 | D        | Reached skill level 19 in Spellcasting
  3126 | D        | Noticed an oklob plant conjurer
  3127 | D        | Killed an oklob plant conjurer
  3240 | D        | Learned a level 8 spell: Maxwell's Capacitive Coupling
  3350 | D        | Noticed an oklob plant
  3350 | D        | Noticed an oklob plant summoner
  3353 | D        | Noticed an oklob plant shifter
  3362 | D        | Killed an oklob plant summoner
  3363 | D        | Reached XP level 10. HP: 50/50 MP: 15/35
  3365 | D        | Killed an oklob plant shifter
  3368 | D        | Killed an oklob plant
  3368 | D        | Received a gift from Sif Muna
  3369 | D        | Reached skill level 20 in Spellcasting
  3371 | D        | Got Lod Cumu's Volume of Earthen Transmutation {god gift}
  3655 | D        | Noticed a spriggan rider
  3656 | D        | Found Qeydoef's Antique Armour Emporium.
  3661 | D        | Found Upse's Antique Weapon Shoppe.
  4072 | D        | Bought a glowing helmet for 180 gold pieces
  4170 | D        | Got the Collected Works on Calling
  4204 | D        | Noticed Agnes
  4206 | D        | Noticed a spriggan berserker
  4210 | D        | Noticed a spriggan defender
  4211 | D        | Noticed an elephant
  4211 | D        | Killed Agnes
  4211 | D        | Received a gift from Sif Muna
  4212 | D        | Reached skill level 21 in Spellcasting
  4214 | D        | Killed a spriggan defender
  4216 | D        | Killed a spriggan berserker
  4217 | D        | Reached skill level 10 in Invocations
  4217 | D        | Reached XP level 11. HP: 54/54 MP: 12/38
  4219 | D        | Got Sif Muna's Grimoire of Feathery Battle Magic {god gift}
  4221 | D        | Found Rourr's Magic Scroll Emporium.
  4416 | D        | Found Rimpilut's Weapon Shoppe.
  4427 | D        | Identified the +0 ring mail of Noon {Regen+ Dex+2}
  4444 | D        | Noticed a spriggan rider
  4446 | D        | Killed a spriggan rider
  4447 | D        | Reached skill level 22 in Spellcasting
  4532 | D        | Noticed an oklob plant shifter
  4532 | D        | Noticed an oklob plant meteorologist
  4533 | D        | Killed an oklob plant meteorologist
  4535 | D        | Killed an oklob plant shifter
  4541 | D        | Noticed a spriggan rider
  4542 | D        | Received a gift from Sif Muna
  4543 | D        | Killed a spriggan rider
  4544 | D        | Reached skill level 23 in Spellcasting
  4567 | D        | Got Sif Muna's Compendium of the Volcanoes and Arcane
                  | Weapons {god gift}
  4937 | D        | Noticed a spriggan defender
  4943 | D        | Killed a spriggan defender
  4944 | D        | Reached skill level 1 in Air Magic
  5084 | D        | Found Qeaqoom's Armour Shoppe.
  5084 | D        | Found Qise Gaqyx's Weapon Boutique.
  5151 | D        | Found Cuiphup's Antique Weapon Emporium.
  5152 | D        | Found Nigeshir's Jewellery Emporium.
  5152 | D        | Found Cotzosuf's Book Shop.
  5152 | D        | Found Quvidivang's Assorted Antiques.
  5152 | D        | Found Ucles's Book Shop.
  5152 | D        | Found Laorr's Assorted Antiques.
  5154 | D        | Noticed an oklob plant
  5155 | D        | Noticed an oklob plant
  5156 | D        | Noticed an oklob plant
  5157 | D        | Noticed an oklob plant
  5158 | D        | Noticed an oklob plant
  5289 | D        | Bought a slimy helmet for 256 gold pieces
  5289 | D        | Identified the +2 helmet "Suda" {Dex+5} (You bought it in a
                  | shop in the Dungeon)
  5421 | D        | Noticed a spriggan druid
  5422 | D        | Killed from afar by a spriggan druid

Illustrated notes

Levels and vault maps discovered:
D:        dungeon_sprint_fedhas [sprint_temple]

Skill      XL: |  1  2  3  4  5  6  7  8  9 10 11 |
---------------+----------------------------------+-----
Spellcasting   | 4 6 8 10 11 14 15 17 19 21 23 | 23.4
Conjurations   | 5 6 7 9 10 12 13 15 16 19 20 | 20.3
Hexes          | 1 2 |  2.0
Translocations | 1 2 |  2.0
Stealth        | 5 8 |  8.0
Invocations    | 4 7 10 11 | 11.5
Air Magic      | 1 |  1.6
Dodging        | |  2.4

Action                   |  1- 3 |  4- 6 |  7- 9 | 10-12 || total
-------------------------+-------+-------+-------+-------++-------
Melee: Unarmed           |     4 |       |     1 |     2 ||     7
       Punch             |     1 |       |       |     1 ||     2
 Cast: Magic Dart        |     7 |       |       |       ||     7
       Searing Ray       |     2 |     3 |     7 |     1 ||    13
       Iskenderun's Myst |       |     7 |    21 |    32 ||    60
       Fulminant Prism   |       |     2 |     9 |     1 ||    12
       Lightning Bolt    |       |       |     1 |    15 ||    16
Invok: Channel Magic     |       |       |       |     3 ||     3
 Abil: Evoke Invisibilit |       |     5 |    11 |     3 ||    19
Dodge: Dodged            |     5 |     2 |     2 |     6 ||    15
